 Dungeon Crawl Stone Soup version 0.17-a0-2211-gbb7320e (webtiles) character file.

14830 Maka the Bludgeoner (level 12, 0/119 HPs)
             Began as an Ogre Berserker on Oct 22, 2015.
             Was a High Priest of Trog.
             Killed by divine providence
             ... invoked by an orc priest
              (13 damage)
             ... on level 4 of the Orcish Mines on Oct 27, 2015.
             The game lasted 00:33:54 (13992 turns).

Maka the Bludgeoner (Ogre Berserker)               Turns: 13992, Time: 00:33:54

Health: 0/119      AC:  0    Str: 29    XL:     12   Next: 20%
Magic:  12/12      EV: 17    Int:  6    God:    Trog [*****.]
Gold:   1208       SH:  0    Dex: 13    Spells: 0 memorised, 11 levels left

rFire  . . .     SeeInvis .     a - +5 giant spiked club of Abstinence {crush, Str+4}
rCold  + . .     Clarity  .     b - +1 animal skin
rNeg   . . .     SustAt   .     (no shield)
rPois  .         Gourm    .     (helmet restricted)
rElec  .         Spirit   .     (no cloak)
rCorr  .         Warding  .     (gloves unavailable)
rMut   .         Stasis   .     (boots unavailable)
MR     +....                    (no amulet)
Stlth  +.........               y - +3 ring of evasion
                                h - ring of protection from cold

@: corroded equipment, heavily drained, somewhat resistant to hostile
enchantments, very unstealthy
A: unfitting armour, tough skin 1
a: Berserk, Trog's Hand, Brothers in Arms, Burn Spellbooks, Renounce Religion


You were on level 4 of the Orcish Mines.
You worshipped Trog.
Trog was extremely pleased with you.
You were not hungry.

You visited 2 branches of the dungeon, and saw 14 of its levels.

You collected 1512 gold pieces.
You spent 304 gold pieces at shops.

Inventory:

Hand Weapons
 a - the +5 giant spiked club of Abstinence (weapon) {crush, Str+4}
   (Trog gifted it to you on level 1 of the Orcish Mines)

   It inflicts extra damage upon your enemies.
   It affects your strength (+4).
 C - a +1 giant club
Missiles
 e - 11 large rocks (quivered)
Armour
 b - a +1 animal skin (worn)
Jewellery
 h - a ring of protection from cold (left hand)
 y - a +3 ring of evasion (right hand)
 I - an uncursed ring of see invisible
Wands
 g - a wand of polymorph (14)
 k - a wand of random effects (48)
 l - a wand of cold (12)
 p - a wand of enslavement (10)
 r - a wand of digging (12)
 B - a wand of digging (14)
 D - a wand of slowing (24)
Scrolls
 s - 2 scrolls of identify
 t - 5 scrolls of remove curse
 v - a scroll of enchant armour
 x - 2 scrolls of recharging
 F - a scroll of torment {unknown}
Potions
 d - 4 potions of flight
 i - 7 potions of curing
 j - 2 potions of ambrosia {unknown}
 m - 2 potions of haste
 n - a potion of resistance
 o - a potion of invisibility
 q - a potion of heal wounds
 u - 2 potions of agility
 z - a potion of might
 E - 2 potions of berserk rage {unknown}
 H - a potion of mutation {unknown}
Comestibles
 c - 7 bread rations
 f - 2 meat rations
 G - a chunk of flesh


   Skills:
 - Level 8.1(6.8) Fighting
 + Level 18.8(17.2) Maces & Flails
 - Level 10.0(8.6) Dodging


You had 11 spell levels left.
You didn't know any spells.

Dungeon Overview and Level Annotations

Branches:
Dungeon (11/15)            Temple (0/1) D:7            Lair (0/8) D:10
    Orc (4/4) D:10
    Elf: Orc:3-4

Altars:
Ashenzari
Dithmenos
Fedhas
Makhleb
Nemelex Xobeh
Okawaru
Qazlal
Sif Muna
Vehumet
Xom
Yredelemnul
Zin

Shops:
Orc:1 (   Orc:2 =   Orc:4 (!


Innate Abilities, Weirdness & Mutations

You are too large for most types of armour.
You have tough skin (AC +1).


Message History

The orange demon convulses!
The white imp convulses!
You kill the white imp!
The ynoxinul convulses!
The neqoxec convulses!
The ice devil convulses!
It was a scroll of holy word.
The orc knight roars a battlecry!
The orc wizard goes into a battle-frenzy!
The orc knight roars a battlecry!
The orc priest goes into a battle-frenzy!
The orc high priest misses you.
The orc knight hits you with a broad axe!
* * * LOW HITPOINT WARNING * * *
The orc knight hits you with a war axe!
* * * LOW HITPOINT WARNING * * *
The orc sorcerer closely misses you. The rust devil hits you.
* * * LOW HITPOINT WARNING * * *
The rust devil corrodes you! The rust devil misses you.
The orc sorcerer misses you.
The orange demon is lost in a daze.
The orc priest mumbles some strange prayers to Beogh against you.
Something smites you!
You die...

∩.#....#o..
# .#.......
#.#.o..o.o
#.#.ooooo###
...33.....
#.oo3..####
#444o.o...#
#o@o.o.o.#
#oo..#o..#
..#o.## #
#∩.#.## ##
.o. ... ###


You could see 4 orc knights, an ice devil (dazed), 3 orc high priests, an orange
demon (dazed), 2 rust devils, a neqoxec (dazed), a ynoxinul (dazed), 4 orc
sorcerers, 6 orc warriors, 2 orc priests and 3 orc wizards.

Vanquished Creatures
  A centaur warrior (D:10)
  An orc high priest (Orc:1)
  Pikel (D:7)
  2 hill giants
  An orc knight (Orc:1)
  A cyclops (Orc:2)
  A gargoyle (D:9)
  The ghost of twist the Cleaver, a novice DgFi (D:5)
  A komodo dragon (D:10)
  5 yaks (D:10)
  A wraith (D:10)
  Eustachio (D:6)
  Menkaure (D:7)
  3 hippogriffs
  A water moccasin (D:9)
  2 wargs
  A swamp drake (D:10)
  Duvessa (D:6)
  A soldier ant (D:10)
  21 orc warriors
  8 ice beasts
  4 sky beasts
  2 slaves (D:7)
  A necrophage (D:6)
  3 black bears
  A phantom (D:6)
  2 big kobolds
  A centaur (D:5)
  4 ogres
  6 crocodiles (D:10)
  7 giant frogs
  2 wyvern zombies (D:10)
  Dowan (D:6)
  3 killer bees (D:9)
  A wyvern skeleton (D:6)
  5 scorpions
  11 crimson imps
  4 wights
  2 giant frog zombies
  6 iguanas
  5 jellies
  2 centaur skeletons
  4 hounds
  Ijyb (D:2)
  15 orc priests
  19 orc wizards
  A giant frog skeleton (D:7)
  10 worker ants
  A hound skeleton (D:5)
  4 adders
  A worker ant zombie (D:10)
  3 gnolls (D:2)
  An ooze (D:1)
  An adder skeleton (D:6)
  An adder zombie (D:5)
  7 worms
  7 giant geckos
  146 orcs
  4 ball pythons
  9 bats
  6 giant cockroaches
  12 goblins
  9 hobgoblins
  6 jackals
  A ball python skeleton (D:4)
  A giant cockroach zombie (D:5)
  5 giant newts
  14 kobolds
  3 quokkas
  A quokka zombie (D:6)
  8 rats
  A fungus (D:6)
431 creatures vanquished.

Vanquished Creatures (others)
  A slave (D:7)
  A quokka (D:7)
  A giant newt (D:7)
3 creatures vanquished.

Grand Total: 434 creatures vanquished

Notes
Turn   | Place    | Note
--------------------------------------------------------------
     0 | D:1      | Maka the Ogre Berserker began the quest for the Orb.
     0 | D:1      | Reached XP level 1. HP: 24/24 MP: 1/1
   163 | D:1      | Reached XP level 2. HP: 25/32 MP: 2/2
   257 | D:1      | Reached skill level 5 in Maces & Flails
   536 | D:1      | Reached XP level 3. HP: 35/39 MP: 3/3
   636 | D:2      | Found a shattered altar of Ashenzari.
   640 | D:2      | Reached ** piety under Trog
   653 | D:2      | Noticed Ijyb
   673 | D:2      | Killed Ijyb
   673 | D:2      | Reached skill level 6 in Maces & Flails
   673 | D:2      | Reached XP level 4. HP: 48/48 MP: 4/4
  1101 | D:2      | Found a burning altar of Makhleb.
  1101 | D:2      | Found a faded altar to an unknown god.
  1283 | D:2      | Reached skill level 7 in Maces & Flails
  1667 | D:2      | Reached XP level 5. HP: 41/54 MP: 5/5
  1886 | D:3      | Found an iron altar of Okawaru.
  2375 | D:3      | Reached *** piety under Trog
  2729 | D:4      | Reached skill level 8 in Maces & Flails
  2931 | D:4      | Reached XP level 6. HP: 35/62 MP: 6/6
  3109 | D:4      | Noticed an ogre
  3116 | D:4      | Killed an ogre
  3116 | D:4      | Reached skill level 9 in Maces & Flails
  3735 | D:4      | Found a blossoming altar of Fedhas.
  4027 | D:4      | Reached **** piety under Trog
  4165 | D:5      | Entered Level 5 of the Dungeon
  4167 | D:5      | Reached skill level 10 in Maces & Flails
  4167 | D:5      | Reached XP level 7. HP: 70/70 MP: 7/7
  4244 | D:5      | Noticed twist's ghost (novice DgFi)
  4297 | D:5      | Killed twist's ghost
  4297 | D:5      | Reached skill level 11 in Maces & Flails
  4334 | D:5      | Found a shimmering altar of Xom.
  4335 | D:5      | Found a shimmering altar of Xom.
  4335 | D:5      | Found a shimmering altar of Xom.
  4335 | D:5      | Found a shimmering altar of Xom.
  4436 | D:5      | Found a glowing silver altar of Zin.
  4569 | D:5      | Reached XP level 8. HP: 78/78 MP: 8/8
  4713 | D:5      | Reached skill level 12 in Maces & Flails
  5007 | D:6      | Reached skill level 13 in Maces & Flails
  5340 | D:6      | Reached skill level 14 in Maces & Flails
  5376 | D:6      | Reached XP level 9. HP: 57/84 MP: 9/9
  5557 | D:6      | Noticed Eustachio
  5562 | D:6      | Killed Eustachio
  5617 | D:6      | Reached skill level 15 in Maces & Flails
  5773 | D:6      | Noticed Duvessa
  5773 | D:6      | Noticed Dowan
  5778 | D:6      | Killed Duvessa
  5786 | D:6      | Killed Dowan
  5863 | D:6      | Reached skill level 5 in Dodging
  6153 | D:7      | Noticed Pikel
  6167 | D:7      | Killed Pikel
  6167 | D:7      | Reached XP level 10. HP: 73/92 MP: 10/10
  6235 | D:7      | Found a staircase to the Ecumenical Temple.
  6291 | D:7      | Found a radiant altar of Vehumet.
  6753 | D:7      | Found a deep blue altar of Sif Muna.
  6753 | D:7      | Found a stormy altar of Qazlal.
  6798 | D:7      | Noticed Menkaure
  6807 | D:7      | Killed Menkaure
  7099 | D:7      | Upgraded the game from 0.17-a0-2127-g1cb09f6 to 0.17-a0-2211-gbb7320e
  8513 | D:9      | Reached skill level 16 in Maces & Flails
  8580 | D:9      | Noticed a hill giant
  8585 | D:9      | Killed a hill giant
  8585 | D:9      | Reached skill level 5 in Fighting
  8884 | D:9      | Found a shadowy altar of Dithmenos.
  8889 | D:9      | Found a basalt altar of Yredelemnul.
  8889 | D:9      | Found a sparkling altar of Nemelex Xobeh.
  9166 | D:10     | Entered Level 10 of the Dungeon
  9290 | D:9      | Reached ***** piety under Trog
  9335 | D:9      | Reached XP level 11. HP: 86/111 MP: 11/11
  9564 | D:10     | Noticed a hill giant
  9570 | D:10     | Killed a hill giant
  9570 | D:10     | Reached skill level 17 in Maces & Flails
 10120 | D:10     | Found a staircase to the Orcish Mines.
 10416 | D:10     | Found a staircase to the Lair.
 10648 | D:10     | Reached skill level 18 in Maces & Flails
 11170 | D:10     | Noticed a centaur warrior
 11178 | D:10     | Killed a centaur warrior
 11257 | Orc:1    | Entered Level 1 of the Orcish Mines
 11287 | Orc:1    | Noticed an orc high priest
 11297 | Orc:1    | Killed an orc high priest
 11302 | Orc:1    | HP: 8/166 [orc warrior/halberd (25)]
 11307 | Orc:1    | HP: 8/166 [orc priest (3)]
 11727 | Orc:1    | Received a gift from Trog
 11730 | Orc:1    | Got an ancient giant spiked club {god gift}
 11739 | D:10     | Identified the +5 giant spiked club of Abstinence {crush, Str+4} (Trog gifted it to you on level 1 of the Orcish Mines)
 12241 | Orc:2    | Found Ciggen's Jewellery Boutique.
 12254 | Orc:2    | Bought a cursed -2 ring of slaying for 32 gold pieces
 12254 | Orc:2    | Bought an uncursed ring of see invisible for 240 gold pieces
 12254 | Orc:2    | Bought a cursed amulet of inaccuracy for 32 gold pieces
 12275 | Orc:2    | Noticed an orc knight
 12584 | Orc:1    | Reached XP level 12. HP: 82/119 MP: 12/12
 12588 | Orc:1    | Reached skill level 10 in Dodging
 12829 | Orc:1    | Killed an orc knight
 12919 | Orc:2    | Received a gift from Trog
 13004 | Orc:1    | Found Muj Obru's Weapon Emporium.
 13988 | Orc:2    | You fall through a shaft for 2 floors!
 13988 | Orc:4    | Entered Level 4 of the Orcish Mines
 13988 | Orc:4    | Found Xar Tilu's Distillery.
 13988 | Orc:4    | Found Ymey's Weapon Boutique.
 13988 | Orc:4    | Noticed an orc high priest
 13988 | Orc:4    | Noticed an orc high priest
 13988 | Orc:4    | Noticed an orc high priest
 13992 | Orc:4    | Killed from afar by an orc priest

Vault maps used:
D:1:      dpeg_arrival_brainrot
D:2:      evilmike_ruin_ashenzari, overflow_temple_1_default,
          ecumenical_altar_1, uniq_iyjb
D:3:      okawaru_gym_becter, first_bread
D:4:      corexii_shack_village, fedhas_altar_fruit_tree
D:5:      zin_statuary, xom_redecorated
D:6:      minmay_gold_behind_fungi, serial_park_tiny_2, uniq_duvessa,
          uniq_eustachio
D:7:      kennysheep_little_box, gammafunk_temple_overflow_elements,
          minmay_temple_entry_junction2, kennysheep_generic_room_15,
          uniq_menkaure, uniq_pikel
D:9:      grunt_temple_overflow_open
D:10:     erik_lair_dragon, hiddenorc2_lemuel
D:11:     serial_shops, shop_fountains, hangedman_ranch, serial_bayou_pond_d
Orc:1:    portal_ice_cave_entry_animals_and_master, serial_shops, shop,
          special_room
Orc:2:    serial_shops, shop, nicolae_orc_flooded_monolith
Orc:4:    st_orc_elflike

Action                   |  1- 3 |  4- 6 |  7- 9 | 10-12 || total
-------------------------+-------+-------+-------+-------++-------
Melee: Mace              |    63 |   147 |       |       ||   210
       Giant club        |       |    65 |   177 |   507 ||   749
       Giant spiked club |       |       |       |   167 ||   167
Invok: Berserk           |     1 |     6 |     1 |    17 ||    25
       Trog's Hand       |       |       |     2 |     7 ||     9
Evoke: Wand              |       |       |       |     1 ||     1
  Use: Scroll            |       |     7 |     6 |    10 ||    23
       Potion            |       |       |       |     1 ||     1
 Stab: Sleeping          |       |       |     2 |     3 ||     5
       Distracted        |       |       |       |     2 ||     2
       Confused          |       |       |       |     1 ||     1
  Eat: Chunk             |       |    16 |     6 |    21 ||    43
       Pizza             |       |       |     1 |     1 ||     2
       Royal jelly       |       |       |     1 |     1 ||     2
       Fruit             |       |       |       |     5 ||     5
       Beef jerky        |       |       |       |     4 ||     4
       Meat ration       |       |       |       |     1 ||     1
       Bread ration      |       |       |       |     1 ||     1
